 Dungeon Crawl Stone Soup version 0.26.1-2-gb8aa6d0cf2 (webtiles) character file.

Game seed: 13286247634904712315

18867 hawla the Reanimator (level 12, -5/68 HPs)
             Began as a Deep Elf Conjurer on Feb 26, 2021.
             Was an Elder of Vehumet.
             Slain by a five-headed hydra (10 damage)
             ... on level 2 of the Lair of Beasts.
             The game lasted 00:49:36 (16038 turns).

hawla the Reanimator (Deep Elf Conjurer)           Turns: 16038, Time: 00:49:37

Health: -5/68      AC:  7    Str:  4    XL:     12   Next: 31%
Magic:  3/30       EV: 18    Int: 29    God:    Vehumet [****..]
Gold:   848        SH: 11    Dex: 17    Spells: 21/36 levels left

rFire    . . .     SeeInvis .   u - staff of earth
rCold    . . .     Faith    .   m - +1 buckler
rNeg     . . .     Spirit   .   a - +1 robe
rPois    +         Reflect  +   (helmet restricted)
rElec    .         Harm     .   n - +0 cloak
rCorr    +         Rampage  .   P - +2 pair of gloves
Will     ++...                  (no boots)
Stlth    ++........             l - amulet of reflection
HPRegen  0.21/turn              w - ring of poison resistance
MPRegen  0.22/turn              G - ring of resist corrosion (curse)

@: very slightly contaminated
A: antennae 1, agile 2, strong-willed 1
a: Renounce Religion


You were on level 2 of the Lair of Beasts.
You worshipped Vehumet.
Vehumet was greatly pleased with you.
You visited 3 branches of the dungeon, and saw 14 of its levels.

You collected 848 gold pieces.

Inventory:

Hand Weapons
 e - a +3 quarterstaff
 p - a +2 whip of electrocution
 D - the +1 scimitar "Xeyl" {vorpal, rC++ Dex-2}
   (You found it on level 8 of the Dungeon)

   It inflicts extra damage upon your enemies.
   It affects your dexterity (-2).
   It greatly protects you from cold.
Missiles
 b - 20 boomerangs
 B - 8 javelins
 Q - 8 atropa-tipped darts
Armour
 a - a +1 robe (worn)
 m - a +1 buckler (worn)
 n - a +0 cloak (worn)
 P - a +2 pair of gloves (worn)
Magical Staves
 u - an uncursed staff of earth (weapon)
Jewellery
 d - an uncursed amulet of the acrobat
 h - an uncursed ring of protection from cold
 l - an amulet of reflection (around neck)
 t - an uncursed amulet of guardian spirit
 v - an uncursed ring of wizardry
 w - a ring of poison resistance (left hand)
 A - an uncursed amulet of faith
 G - a cursed ring of resist corrosion (right hand)
 H - an uncursed ring of wizardry
 K - an uncursed ring of protection from fire {unknown}
Wands
 r - a wand of flame (27)
 E - a wand of enslavement (16)
 I - a wand of disintegration (6)
 J - a wand of polymorph (11)
 N - a wand of iceblast (10)
Scrolls
 c - 6 scrolls of teleportation
 g - 7 scrolls of remove curse
 o - 2 scrolls of fear
 q - a scroll of identify
 s - 3 scrolls of enchant weapon
 x - 4 scrolls of amnesia
 y - 3 scrolls of blinking
 C - a scroll of fog
 L - a scroll of magic mapping {unknown}
Potions
 f - 2 potions of curing
 i - a potion of flight
 j - 2 potions of haste
 k - 2 potions of brilliance
 z - a potion of berserk rage
 F - 2 potions of magic {unknown}
 M - a potion of lignification {unknown}
 O - a potion of cancellation {unknown}


   Skills:
 - Level 5.0 Fighting
 - Level 6.0 Staves
 - Level 8.0 Dodging
 - Level 3.0 Stealth
 - Level 4.0 Shields
 + Level 12.9 Spellcasting
 - Level 8.0 Conjurations
 + Level 13.4 Necromancy
 - Level 3.0 Transmutations
 - Level 1.0 Earth Magic
 - Level 1.0 Evocations


You had 21 spell levels left.
You knew the following spells:

 Your Spells              Type           Power        Failure   Level
a - Magic Dart            Conj           100%         1%          1
b - Searing Ray           Conj           100%         1%          2
c - Stone Arrow           Conj/Erth      100%         1%          3
d - Irradiate             Conj/Tmut      25%          2%          5
e - Olgreb's Toxic Radia  Pois           18%          8%          4

Your spell library contained the following spells:

 Spells                   Type           Power        Failure   Level
 Conjure Flame            Conj/Fire      41%          1%          3
 Dazzling Flash           Conj/Hex       82%          1%          3
 Mephitic Cloud           Conj/Pois/Air  34%          1%          3
 Fulminant Prism          Conj/Hex       20%          1%          4
 Iskenderun's Mystic Bla  Conj/Tloc      41%          1%          4
 Summon Small Mammal      Summ           72%          2%          1
 Call Imp                 Summ           18%          4%          2
 Poisonous Vapours        Pois/Air       36%          4%          2
 Call Canine Familiar     Summ           18%          9%          3
 Confusing Touch          Hex            18%          9%          3
 Gell's Gravitas          Tloc           9%           9%          3
 Summon Guardian Golem    Hex/Summ       18%          9%          3
 Yara's Violent Unravell  Hex/Tmut       13%          11%         5
 Petrify                  Tmut/Erth      45%          12%         4
 Summon Ice Beast         Ice/Summ       18%          28%         4
 Summon Lightning Spire   Summ/Air       18%          28%         4
 Freezing Cloud           Conj/Ice/Air   17%          34%         6
 Metabolic Englaciation   Hex/Ice        9%           61%         5


Dungeon Overview and Level Annotations

Branches:
Dungeon (11/15)            Temple (1/1) D:5            Lair (2/6) D:8
    Orc (0/2) D:10
  Swamp: Lair:2-4    Shoals: Lair:2-4     Snake: Lair:2-4    Spider: Lair:2-4

Altars:
Ashenzari
Cheibriados
Dithmenos
Elyvilon
Fedhas
Gozag
Hepliaklqana
Kikubaaqudgha
Makhleb
Nemelex Xobeh
Okawaru
Qazlal
Ru
Sif Muna
Trog
Uskayaw
Vehumet
Wu Jian
Xom
Yredelemnul
Zin
The Shining One
Beogh

Shops:
D:7 }   D:10 [

Annotations:
Lair:1 1 runed translucent door, Drazool's ghost, novice TrBe


Innate Abilities, Weirdness & Mutations

You have a pair of small antennae on your head.
You are very agile. (Dex +4)
You are strong-willed. (Will+)


Message History

The five-headed hydra is almost dead.
The five-headed hydra closely misses you.
The five-headed hydra bites you but does no damage.
The five-headed hydra bites you.
* * * LOW HITPOINT WARNING * * *
The five-headed hydra bites you but does no damage.
The five-headed hydra misses you.
Okay, then.
Casting: Stone Arrow (safe; 1% risk of failure)
Confirm with . or Enter, or press ? or * to list all spells.
Aiming: Stone Arrow (safe; 1% risk of failure)
Press: ? - help, Shift-Dir - straight line, f/p - five-headed hydra
Aim: a five-headed hydra (almost dead, misshapen and mutated, 8% to evade)
You feel a surge of power!
The stone arrow hits the five-headed hydra!
The five-headed hydra is almost dead.
The five-headed hydra bites you!
* * * LOW HITPOINT WARNING * * *
The five-headed hydra bites you!
You die...

.. #..# ..#...# ....P#
.....## #.....##
#......# ##......# #
### #....##...P
######.# ##..@.......
##P.....###.†.†D..###.
#P......#.#.......#
#......#...........
#.....#....P##.......
####.......#####
......> #≈........##
....... #P≈....##.#
.....#. ≈≈≈.≈##.###
...


You could see a five-headed hydra (misshapen).

Vanquished Creatures
  Erolcha (D:11)
  A hydra (Lair:1)
  A two-headed ogre (D:9)
  The ghost of Tocho the Conjurer, a novice PaCj of Vehumet (D:8)
  Pikel (D:5)
  3 oklob plants (Lair:2)
  An ugly thing (D:11)
  6 black mambas (Lair:1)
  3 cane toads
  3 komodo dragons (Lair:1)
  2 trolls
  Grinder (D:4)
  A blink frog (Lair:1)
  Sigmund (D:5)
  A wraith (D:10)
  19 yaks
  Eustachio (D:4)
  Menkaure (D:5)
  3 water moccasins (Lair:2)
  A floating eye (Lair:2)
  8 orc warriors
  2 ice beasts
  A sky beast (D:5)
  3 black bears
  A necrophage (D:9)
  5 wolves
  7 ogres
  2 phantoms (D:5)
  5 centaurs
  6 bullfrogs
  A gnoll sergeant (D:7)
  5 scorpions
  A water moccasin skeleton (D:7)
  12 killer bees
  8 wights
  An electric eel (D:8)
  2 howler monkeys
  A bullfrog zombie (D:9)
  8 hounds
  4 jellies
  2 centaur zombies
  2 gnoll shamans
  9 orc priests
  A centaur skeleton (D:8)
  6 orc wizards
  4 worker ants
  2 hound skeletons
  A spectral worker ant (D:8)
  A howler monkey zombie (D:9)
  21 gnolls
  12 adders
  2 white imps (D:7)
  An ufetubus (D:5)
  An adder skeleton (D:4)
  2 worms
  A dart slug (D:4)
  An adder simulacrum (D:8)
  7 leopard geckos
  40 orcs
  10 bats
  7 giant cockroaches
  5 goblins
  6 hobgoblins (D:1)
  3 jackals (D:7)
  7 kobolds
  A quokka (D:10)
  2 ball pythons
  A ball python skeleton (D:4)
  4 frilled lizards
  A quokka simulacrum (D:8)
  A quokka skeleton (D:4)
  4 rats
303 creatures vanquished.

Vanquished Creatures (others)
  2 fungi (D:8)
  3 plants
5 creatures vanquished.

Grand Total: 308 creatures vanquished

Notes
Turn   | Place    | Note
-------+----------+-------------------------------------------
     0 | D:1      | hawla the Deep Elf Conjurer began the quest for the Orb.
     0 | D:1      | Reached XP level 1. HP: 10/10 MP: 6/6
   187 | D:1      | Reached XP level 2. HP: 16/16 MP: 6/8
   265 | D:1      | Reached skill level 1 in Necromancy
   429 | D:1      | Learned a level 2 spell: Searing Ray
  1027 | D:2      | Reached XP level 3. HP: 20/20 MP: 5/9
  1092 | D:1      | Reached skill level 1 in Fighting
  1478 | D:2      | Found an iron altar of Okawaru.
  1525 | D:2      | Reached skill level 2 in Necromancy
  1657 | D:2      | Found a stormy altar of Qazlal.
  1665 | D:2      | Reached XP level 4. HP: 25/25 MP: 5/10
  1708 | D:2      | Reached skill level 5 in Conjurations
  2050 | D:2      | Found a shadowy altar of Dithmenos.
  2050 | D:2      | Found a radiant altar of Vehumet.
  2262 | D:3      | Reached XP level 5. HP: 21/29 MP: 1/11
  2399 | D:2      | Became a worshipper of Vehumet
  2545 | D:3      | Reached skill level 3 in Necromancy
  2733 | D:3      | Found a faded altar of an unknown god.
  3425 | D:4      | Noticed Eustachio
  3425 | D:4      | Noticed an ogre
  3426 | D:4      | Noticed an ogre
  3429 | D:4      | Killed an ogre
  3430 | D:4      | Reached XP level 6. HP: 34/34 MP: 5/12
  3430 | D:4      | Killed Eustachio
  3431 | D:4      | Reached skill level 1 in Shields
  3480 | D:4      | Reached XP level 7. HP: 39/39 MP: 2/14
  3527 | D:4      | Reached * piety under Vehumet
  3527 | D:4      | Offered knowledge of Freeze by Vehumet.
  3742 | D:4      | Reached skill level 4 in Necromancy
  3852 | D:4      | Gained mutation: You have a beak for a mouth. [potion of
                  | mutation]
  3852 | D:4      | Gained mutation: Armour fits poorly on your strangely
                  | shaped body. [potion of mutation]
  3852 | D:4      | Gained mutation: Your system is resistant to poisons.
                  | (rPois) [potion of mutation]
  3852 | D:4      | Gained mutation: You have a pair of small antennae on your
                  | head. [potion of mutation]
  4164 | D:4      | Noticed Grinder
  4170 | D:4      | Killed Grinder
  4171 | D:4      | Reached skill level 5 in Dodging
  4171 | D:4      | Reached skill level 5 in Spellcasting
  4171 | D:4      | Reached skill level 5 in Necromancy
  4469 | D:4      | Found a snail-covered altar of Cheibriados.
  4666 | D:5      | Entered Level 5 of the Dungeon
  4666 | D:5      | Noticed Sigmund
  4717 | D:5      | Noticed Pikel
  4722 | D:5      | Killed Pikel
  4723 | D:5      | Reached skill level 6 in Necromancy
  4723 | D:5      | Reached XP level 8. HP: 44/44 MP: 10/19
  4812 | D:5      | Reached skill level 1 in Transmutations
  4812 | D:5      | Reached skill level 1 in Earth Magic
  4948 | D:5      | Killed Sigmund
  5102 | D:5      | Noticed Menkaure
  5107 | D:5      | Killed Menkaure
  5190 | D:5      | Found a staircase to the Ecumenical Temple.
  5205 | Temple   | Entered the Ecumenical Temple
  5543 | D:5      | Reached XP level 9. HP: 50/50 MP: 16/21
  6087 | D:6      | Reached skill level 7 in Necromancy
  6189 | D:6      | Offered knowledge of Foxfire by Vehumet.
  7385 | D:7      | Reached ** piety under Vehumet
  7479 | D:7      | Found Zisuohif's Gadget Boutique.
  7542 | D:7      | Reached skill level 8 in Necromancy
  7807 | D:7      | Found a snail-covered altar of Cheibriados.
  8137 | D:8      | Found a runed translucent gate.
  8137 | D:8      | Found a runed translucent gate.
  8163 | D:8      | Found a basalt altar of Yredelemnul.
  8283 | D:8      | Reached skill level 9 in Necromancy
  8438 | D:8      | Found a staircase to the Lair.
  8447 | D:8      | Reached skill level 1 in Staves
  8447 | D:8      | Reached skill level 1 in Evocations
  8624 | D:8      | Got a bloodstained scimitar
  8624 | D:8      | Identified the cursed +1 scimitar "Xeyl" {vorpal, rC++
                  | Dex-2} (You found it on level 8 of the Dungeon)
  8734 | D:8      | Offered knowledge of Conjure Flame by Vehumet.
  8858 | D:8      | Found a runed translucent gate.
  8858 | D:8      | Noticed Tocho's ghost (novice PaCj)
  9218 | D:9      | Reached XP level 10. HP: 56/56 MP: 19/25
  9421 | D:9      | Noticed a two-headed ogre
  9438 | D:9      | Reached *** piety under Vehumet
  9441 | D:9      | Killed a two-headed ogre
  9574 | D:9      | Found a bloodstained altar of Trog.
  9575 | D:9      | Found a broken altar of Ashenzari.
 10147 | D:9      | Reached skill level 10 in Spellcasting
 10236 | D:9      | Found an opulent altar of Gozag.
 10582 | D:9      | Reached skill level 10 in Necromancy
 10739 | D:10     | Entered Level 10 of the Dungeon
 10766 | D:10     | Offered knowledge of Stone Arrow by Vehumet.
 10772 | D:10     | Learned a level 3 spell: Stone Arrow
 10801 | D:10     | Found a white marble altar of Elyvilon.
 11086 | D:10     | Found a roughly hewn altar of Beogh.
 11086 | D:10     | Found a staircase to the Orcish Mines.
 11110 | D:10     | Reached **** piety under Vehumet
 11314 | D:10     | Offered knowledge of Irradiate by Vehumet.
 11321 | D:10     | Learned a level 5 spell: Irradiate
 11352 | D:10     | Reached skill level 11 in Necromancy
 11570 | D:10     | Reached XP level 11. HP: 40/61 MP: 25/28
 12001 | D:10     | Reached skill level 12 in Necromancy
 12056 | D:10     | Found Imeb's Armour Shoppe.
 12373 | D:11     | Noticed Erolcha
 12381 | D:11     | Killed Erolcha
 12472 | D:11     | Noticed a brown ugly thing
 12483 | D:11     | Killed a brown ugly thing
 12722 | D:11     | Noticed a two-headed ogre
 13110 | D:8      | Killed Tocho's ghost
 13151 | Lair:1   | Entered Level 1 of the Lair of Beasts
 13381 | Lair:1   | Found a runed translucent door.
 14435 | Lair:1   | Noticed a seven-headed hydra
 14442 | Lair:1   | Killed a seven-headed hydra
 14613 | Lair:1   | Reached skill level 5 in Fighting
 14713 | Lair:1   | Reached skill level 5 in Staves
 14729 | Lair:1   | Lost mutation: Armour fits poorly on your strangely shaped
                  | body. [potion of mutation]
 14729 | Lair:1   | Lost mutation: You have a beak for a mouth. [potion of
                  | mutation]
 14729 | Lair:1   | Lost mutation: Your system is resistant to poisons. (rPois)
                  | [potion of mutation]
 14729 | Lair:1   | Gained mutation: You expend magic power (3 MP) to
                  | strengthen your wands. [potion of mutation]
 14729 | Lair:1   | Gained mutation: You are strong-willed. (Will+) [potion of
                  | mutation]
 14729 | Lair:1   | Gained mutation: You are surrounded by a mild repulsion
                  | field. (EV +2) [potion of mutation]
 14730 | Lair:1   | Lost mutation: You expend magic power (3 MP) to strengthen
                  | your wands. [potion of mutation]
 14730 | Lair:1   | Lost mutation: You are surrounded by a mild repulsion
                  | field. (EV +2) [potion of mutation]
 14730 | Lair:1   | Gained mutation: You are agile. (Dex +2) [potion of
                  | mutation]
 14730 | Lair:1   | Gained mutation: You are very agile. (Dex +4) [potion of
                  | mutation]
 14788 | Lair:1   | Reached ***** piety under Vehumet
 14788 | Lair:1   | Offered knowledge of Olgreb's Toxic Radiance by Vehumet.
 14789 | Lair:1   | Reached XP level 12. HP: 33/68 MP: 10/30
 14797 | Lair:1   | Learned a level 4 spell: Olgreb's Toxic Radiance
 15170 | Lair:1   | Noticed Drazool's ghost (novice TrBe)
 15272 | Lair:2   | Reached skill level 13 in Necromancy
 15801 | Lair:2   | Paralysed by a floating eye for 2 turns
 16027 | Lair:2   | Noticed a five-headed hydra
 16038 | Lair:2   | Slain by a five-headed hydra

Illustrated notes

Levels and vault maps discovered:
D:1:      lightli_arrival_lavapool, layout_loops_ring
D:2:      layout_basic, okawaru_ov_weapons_minmay,
          gammafunk_temple_overflow_statue, nicolae_qazlal_eye_of_the_storm
D:3:      layout_rooms, portal_sewer_entry_e, chequers_ecumenical_altar_grove,
          minmay_misc_feat_plants
D:4:      layout_loops_ring, kennysheep_mini_moat, uniq_eustachio, uniq_grinder
D:5:      layout_cave_pools, minmay_temple_entry_glassed_door, uniq_sigmund,
          uniq_pikel, uniq_menkaure
D:6:      layout_basic
D:7:      layout_basic, basic_altar, serial_shops, shop,
          kennysheep_generic_room_4
D:8:      layout_cave_pools, overflow_temple_1_default,
          grunt_lair_entry_orc_guard_hut, gammafunk_ghost_necromancy,
          kennysheep_donut
D:9:      layout_long_grid, marbit_many_paths, nicolae_overflow_hidden_temple
D:10:     layout_loops_cross, david_orc_5, serial_shops, nicolae_shop_trees,
          elyvilon_altar_1
D:11:     layout_gridville, kennysheep_minor_cross, uniq_erolcha, uniq_grum
Temple:   dpeg_chambers_temple
Lair:1:   layout_big_grid, ebering_ghost_reflecting_pool, nzn_random_ring
Lair:2:   layout_cave_pods, st_stairs_3, chequers_serial_rivers_small_b,
          disabler_island, infiniplex_staircase_pool, uniq_urug

Skill      XL: |  1  2  3  4  5  6  7  8  9 10 11 12 |
---------------+-------------------------------------+-----
Necromancy     | 1 2 3 6 9 11 12 13 | 13.4
Dodging        | 3 4 5 6 7 8 |  8.0
Fighting       | 1 2 3 4 5 |  5.0
Conjurations   | 5 6 7 8 |  8.0
Stealth        | 3 |  3.0
Shields        | 1 3 4 |  4.0
Spellcasting   | 6 9 11 12 | 12.9
Transmutations | 1 3 |  3.0
Earth Magic    | 1 |  1.0
Staves         | 1 3 5 6 |  6.0
Evocations     | 1 |  1.0

Action                   |  1- 3 |  4- 6 |  7- 9 | 10-12 || total
-------------------------+-------+-------+-------+-------++-------
Melee: Unarmed           |     1 |       |       |       ||     1
       Quarterstaff      |       |       |    10 |       ||    10
       Staff             |       |       |     9 |     5 ||    14
       Peck              |       |       |     2 |     1 ||     3
 Cast: Magic Dart        |    48 |    34 |    50 |    51 ||   183
       Searing Ray       |    11 |    21 |    87 |   107 ||   226
       Stone Arrow       |       |       |       |    86 ||    86
       Irradiate         |       |       |       |     6 ||     6
       Olgreb's Toxic Ra |       |       |       |     2 ||     2
Evoke: Wand              |       |       |       |     1 ||     1
  Use: Scroll            |     3 |     6 |    11 |     2 ||    22
       Potion            |     4 |     1 |     4 |    10 ||    19
Armor: Robe              |     2 |     8 |    12 |    11 ||    33
Dodge: Dodged            |     5 |    16 |    69 |   149 ||   239
Block: Buckler           |       |     1 |    18 |   142 ||   161
       Reflection        |       |       |       |     5 ||     5
